Map: Persephone LE

Players

Solar

  • Race: Zerg Zerg
  • Spawn Location: 7:00

Classic - Winner!

  • Race: Protoss Protoss
  • Spawn Location: 11:00

Event: Esports World Cup 2025

VOD

Have the link to the VOD?

Description

Time

  • Played on: July 25, 2025, 8:30 a.m.
  • Length: 16:28

All games in this series

Show
View Real Time Build Order
Export as new Build Order

Solar Zerg 

Build Orders: Hatch First, Lurkers 

Get SALT Encoding   

  12  0:00  Drone  
  13  0:07  Drone  
  13  0:14  Drone, Extractor  
  15  0:22  Overlord  
  15  0:41  Drone  
  16  0:45  Hatchery  
  16  0:50  Drone  
  16  0:53  Drone  
  16  0:56  Drone  
  18  1:06  Extractor  
  17  1:12  Spawning Pool  
  17  1:14  Drone  
  17  1:17  Drone  
  18  1:26  Drone  
  19  1:37  Drone  
  20  1:48  Drone  
  21  1:59  Queen x2  
  21  2:00  Zergling x2  
  26  2:01  Overlord  
  26  2:08  Zergling x2  
  26  2:10  Zergling x2  
  26  2:13  Metabolic Boost  
  28  2:20  Drone x2  
  30  2:36  Drone  
  31  2:38  Hatchery  
  31  2:41  Drone  
  31  2:44  Overlord  
  31  2:51  Queen  
  31  2:53  Drone  
  31  2:55  Drone  
  31  2:57  Drone  
  36  3:04  Drone  
  36  3:05  Drone  
  37  3:12  Zergling x4  
  39  3:13  Overlord  
  39  3:14  Drone x2  
  39  3:16  Zergling x2  
  39  3:19  Drone  
  43  3:25  Spore Crawler  
  42  3:27  Drone  
  42  3:32  Queen  
  42  3:33  Drone  
  46  3:37  Queen  
  46  3:39  Drone  
  49  3:45  Drone x2  
  49  3:48  Overlord  
  51  3:49  Drone  
  51  3:54  Queen  
  54  3:56  Spore Crawler  
  54  3:59  Drone  
  54  4:02  Zergling x6  
  57  4:07  Drone x2  
  56  4:13  Drone x4  
  60  4:17  Drone x2  
  60  4:21  Overlord, Spore Crawler  
  61  4:24  Drone  
  61  4:27  Drone  
  63  4:35  Drone x3  
  61  4:45  Drone x5  
  66  4:49  Lair  
  66  4:51  Drone  
  66  4:52  Drone  
  68  4:53  Drone  
  68  4:55  Hatchery  
  68  4:56  Overlord  
  68  4:58  Extractor  
  67  5:02  Roach Warren  
  67  5:03  Drone x2  
  68  5:09  Evolution Chamber  
  68  5:10  Pneumatized Carapace  
  68  5:12  Zergling x6  
  68  5:13  Drone  
  69  5:15  Drone  
  69  5:18  Drone x3  
  69  5:19  Drone  
  74  5:22  Overlord, Extractor x2  
  74  5:25  Drone x2  
  74  5:27  Drone  
  75  5:29  Zergling x4  
  75  5:31  Drone x2  
  79  5:35  Overlord  
  79  5:39  Drone  
  80  5:43  Drone  
  80  5:47  Extractor  
  80  5:48  Drone x2  
  80  5:49  Drone x3  
  85  5:52  Extractor, Zerg Missile Weapons Level 1  
  85  5:53  Overlord  
  85  5:54  Drone x2  
  85  5:55  Drone  
  87  5:58  Drone x3  
  87  6:00  Glial Reconstitution  
  87  6:03  Overseer  
  90  6:05  Overlord  
  90  6:06  Queen  
  90  6:07  Drone x2  
  93  6:13  Drone x3  
  93  6:15  Drone  
  95  6:18  Drone  
  95  6:23  Drone x2  
  95  6:24  Drone  
  99  6:25  Drone x2  
  99  6:26  Drone  
  99  6:27  Drone  
  99  6:29  Extractor, Roach x4  
  99  6:30  Overlord  
  110  6:33  Overlord  
  110  6:36  Spore Crawler  
  109  6:46  Drone  
  110  6:52  Roach x4  
  110  6:53  Drone  
  119  6:57  Roach x4  
  119  6:59  Hatchery, Extractor  
  120  7:01  Roach x3  
  120  7:03  Ravager x2  
  120  7:04  Overlord x2, Ravager x2  
  120  7:06  Overlord  
  127  7:12  Zergling x6  
  127  7:15  Overlord  
  127  7:18  Overlord  
  127  7:21  Overlord  
  127  7:23  Ravager x2  
  127  7:24  Ravager x6  
  127  7:25  Roach x2  
  127  7:27  Zergling x10  
  143  7:30  Roach  
  143  7:32  Roach  
  143  7:34  Roach x4  
  151  7:40  Roach x2  
  151  7:41  Roach  
  151  7:43  Zergling x4  
  151  7:44  Queen  
  150  7:49  Ravager  
  150  7:50  Roach x2  
  151  7:52  Roach  
  151  7:53  Roach  
  152  8:01  Roach x2  
  152  8:02  Roach x2  
  157  8:06  Roach x3  
  159  8:13  Roach  
  159  8:14  Overlord  
  159  8:19  Queen  
  161  8:20  Hatchery, Infestation Pit  
  161  8:24  Overlord x2  
  161  8:25  Overlord  
  159  8:28  Roach  
  159  8:31  Ravager  
  159  8:32  Roach x2  
  159  8:36  Zerg Missile Weapons Level 2  
  159  8:38  Zergling x2  
  159  8:40  Roach, Hydralisk Den  
  158  8:43  Ravager  
  158  8:44  Ravager, Roach  
  158  8:49  Roach  
  158  8:54  Roach x5  
  165  8:59  Queen  
  165  9:00  Hive  
  159  9:04  Roach x2  
  159  9:06  Zergling x2  
  157  9:10  Ravager  
  157  9:12  Zergling x2  
  157  9:16  Roach x2  
  158  9:22  Zergling x2  
  145  9:26  Zergling x4  
  145  9:27  Lurker Den  
  145  9:30  Hydralisk  
  147  9:31  Zergling x10  
  147  9:32  Grooved Spines  
  147  9:33  Drone  
  147  9:36  Queen  
  148  9:40  Zergling x4  
  146  9:46  Hydralisk x2  
  146  9:50  Hydralisk x2, Ravager  
  155  9:54  Hydralisk x3  
  155  9:59  Drone, Extractor  
  157  10:02  Drone  
  157  10:05  Hydralisk x2  
  158  10:09  Drone  
  158  10:13  Drone  
  154  10:18  Hydralisk x2  
  154  10:20  Hatchery  
  154  10:21  Drone  
  155  10:24  Drone, Muscular Augments  
  155  10:25  Hydralisk x4  
  164  10:29  Seismic Spines  
  164  10:30  Drone  
  164  10:35  Drone x2  
  167  10:38  Zergling x8  
  167  10:42  Lurker x3  
  174  10:44  Drone  
  174  10:46  Zergling x2  
  174  10:47  Zergling x2  
  177  10:52  Overseer  
  177  10:53  Lurker x2  
  177  10:55  Zergling x14, Overseer  
  186  10:58  Drone x2  
  186  11:02  Lurker  
  186  11:03  Overseer  
  189  11:10  Hydralisk x2  
  192  11:16  Zergling x2  
  192  11:17  Zergling x16  
  199  11:23  Hydralisk  
  199  11:24  Hydralisk  
  199  11:27  Adaptive Talons  
  199  11:34  Extractor  
  199  11:38  Lurker x2  
  200  11:46  Lurker x4  
  198  11:49  Zergling x4  
  198  11:51  Extractor  
  196  12:00  Hydralisk x2, Nydus Network  
  195  12:05  Zergling x10  
  195  12:07  Spine Crawler x2  
  187  12:18  Hydralisk x4  
  169  12:23  Zergling x38  
  188  12:31  Hydralisk  
  188  12:34  Drone x2, Unknown  
  188  12:35  Drone, Spire  
  190  12:39  Nydus Canal  
  190  12:41  Overseer  
  190  12:43  Hydralisk x5  
  199  12:48  Zergling x2  
  199  12:49  Zergling x2  
  194  12:52  Hydralisk x2  
  194  12:57  Nydus Canal  
  181  13:05  Drone  
  181  13:06  Drone x2  
  181  13:07  Drone x2  
  181  13:08  Drone  
  181  13:10  Hydralisk x4  
  190  13:24  Hatchery  
  190  13:26  Overlord  
  180  13:30  Nydus Canal  
  177  13:34  Overlord  
  177  13:35  Hatchery  
  177  13:40  Hydralisk  
  176  13:44  Lurker x3  
  176  13:46  Overseer  
  176  13:47  Zerg Melee Weapons Level 1  
  179  13:53  Viper  
  179  13:54  Drone, Corruptor  
  179  13:55  Corruptor x4, Zerg Flyer Weapons Level 1  
  193  13:58  Lurker  
  193  14:01  Corruptor  
  193  14:06  Corruptor x2  
  190  14:13  Corruptor x2  
  184  14:18  Corruptor x2  
  184  14:22  Lurker x2  
  187  14:26  Lurker  
  187  14:28  Zergling x2  
  187  14:29  Zergling x6  
  188  14:33  Zergling x2  
  188  14:34  Zergling x8  
  177  14:39  Hydralisk  
  177  14:40  Zergling x2  
  177  14:41  Zergling x2  
  173  14:50  Hydralisk  
  173  14:51  Zergling x2  
  173  14:52  Zergling x2  
  160  14:56  Zergling x4  
  160  14:57  Zergling x2  
  160  14:59  Lurker  
  150  15:03  Lurker  
  150  15:05  Hydralisk  
  147  15:08  Hydralisk x2  
  147  15:09  Zergling x2  
  147  15:12  Lurker, Hydralisk  
  155  15:15  Extractor x2  
  155  15:17  Hydralisk  
  155  15:19  Lurker  
  155  15:21  Hydralisk x2  
  155  15:24  Overseer  
  155  15:25  Overseer x2  
  154  15:35  Hydralisk x3  
  154  15:36  Hydralisk x2  
  154  15:40  Corruptor x2  
  168  15:44  Zergling x12  
  173  15:50  Corruptor x2  
  174  16:01  Overlord  
  174  16:03  Overseer x2  
Show
View Real Time Build Order
Export as new Build Order

Classic Protoss - Winner!

Build Orders: 1 Gate Expand, Oracle Opening 

Get SALT Encoding   

  12  0:00  Probe  
  13  0:12  Probe  
  14  0:18  Pylon  
  14  0:24  Probe  
  15  0:32  Probe  
  15  0:39  Gateway  
  15  0:40  Probe  
  16  0:47  Assimilator  
  17  0:51  Probe  
  18  1:03  Probe  
  19  1:15  Probe  
  20  1:23  Nexus  
  20  1:34  Cybernetics Core  
  20  1:36  Probe  
  21  1:42  Assimilator  
  21  1:48  Probe  
  21  1:51  Pylon  
  22  2:00  Probe, Adept  
  23  2:12  Probe  
  23  2:14  Stargate  
  26  2:23  Warp Gate  
  26  2:24  Probe  
  27  2:30  Adept  
  27  2:32  Probe x2  
  31  2:40  Probe  
  31  2:41  Probe  
  31  2:50  Probe x2  
  33  2:51  Oracle  
  38  3:02  Probe  
  38  3:03  Probe  
  38  3:04  Adept  
  42  3:08  Pylon  
  42  3:16  Probe x2  
  44  3:22  Oracle, Gateway  
  44  3:28  Probe x2  
  49  3:40  Probe x2  
  51  3:52  Probe x2  
  53  3:57  Nexus  
  53  3:59  Pylon  
  53  4:04  Probe  
  53  4:09  Twilight Council  
  54  4:13  Nexus  
  54  4:17  Probe, Assimilator  
  54  4:18  Assimilator  
  54  4:20  Blink  
  54  4:22  Adept x2  
  59  4:25  Pylon  
  59  4:28  Probe  
  59  4:29  Probe  
  61  4:31  Forge  
  61  4:41  Probe  
  61  4:43  Probe  
  63  4:46  Gateway  
  63  4:49  Gateway  
  63  4:53  Probe  
  63  4:55  Probe  
  65  5:01  Gateway x2  
  65  5:07  Probe x2  
  65  5:11  Protoss Ground Weapons Level 1  
  67  5:19  Probe  
  67  5:20  Shield Battery  
  68  5:21  Probe x2  
  68  5:24  Pylon  
  68  5:28  Probe, Stalker  
  72  5:29  Probe, Stalker  
  72  5:33  Probe  
  77  5:37  Pylon  
  77  5:38  Probe  
  77  5:39  Probe  
  79  5:45  Gateway, Probe  
  80  5:50  Probe  
  81  5:58  Gateway  
  81  5:59  Probe x2  
  81  6:00  Assimilator  
  81  6:02  Probe  
  81  6:03  Stalker x3  
  90  6:04  Stalker  
  92  6:18  Stalker x2  
  92  6:24  Pylon x2  
  96  6:28  Stalker x2  
  100  6:34  Pylon, Photon Cannon  
  100  6:43  Pylon  
  100  6:50  Pylon  
  100  6:51  Stalker x2  
  100  6:52  Stalker  
  106  6:58  Stalker x3  
  106  6:59  Stalker x2  
  113  7:08  Probe x3  
  114  7:18  Stalker x3  
  114  7:20  Probe x2  
  114  7:21  Probe, Stalker  
  114  7:22  Stalker x3  
  131  7:39  Stalker  
  131  7:44  Stalker x3  
  133  7:48  Stalker  
  133  7:49  Stalker x3  
  133  7:52  Assimilator  
  131  7:58  Protoss Ground Weapons Level 2  
  131  7:59  Probe x3  
  131  8:01  Pylon  
  132  8:15  Stalker  
  132  8:16  Stalker x2  
  132  8:17  Stalker  
  132  8:18  Stalker  
  140  8:22  Templar Archives  
  140  8:23  Pylon  
  140  8:24  Pylon  
  140  8:25  Pylon  
  140  8:27  Pylon  
  136  8:41  Psionic Storm  
  136  8:42  Nexus  
  136  8:43  Pylon, Stalker x4  
  144  8:53  Zealot  
  144  8:54  Zealot x3  
  149  9:10  High Templar x3  
  149  9:11  High Templar  
  149  9:12  Pylon  
  151  9:26  Stalker x4  
  151  9:28  Probe x2  
  151  9:29  Probe  
  158  9:31  Photon Cannon  
  158  9:33  Shield Battery  
  152  9:43  Robotics Facility  
  152  9:44  Probe x3  
  155  9:48  Photon Cannon  
  155  9:51  Stalker x3  
  155  9:52  Stalker  
  161  9:59  Probe  
  161  10:00  Probe x3  
  161  10:07  Photon Cannon  
  159  10:14  Protoss Ground Weapons Level 3  
  159  10:23  Stalker x5, High Templar x2  
  159  10:27  Assimilator  
  173  10:28  Charge  
  173  10:30  Assimilator  
  173  10:41  Observer, Gateway  
  173  10:42  Probe x3  
  176  10:43  Probe  
  176  10:44  Gateway  
  178  10:54  Stargate, Probe  
  178  10:55  Warp Prism  
  178  10:56  Fleet Beacon  
  181  11:07  Zealot x2  
  181  11:09  Zealot x5  
  189  11:26  Stargate  
  189  11:32  Photon Cannon  
  189  11:35  Nexus  
  189  11:38  Pylon, Photon Cannon  
  189  11:40  Stalker x5  
  197  11:49  Zealot x2  
  199  11:56  Tempest  
  197  12:10  Photon Cannon  
  197  12:12  Photon Cannon  
  197  12:13  Tempest x2  
  197  12:14  Photon Cannon  
  197  12:15  Photon Cannon  
  195  12:17  Shield Battery  
  180  12:26  High Templar x2  
  180  12:27  Zealot, High Templar x4, Tempest  
  179  12:49  Tempest x2  
  177  13:02  Tempest  
  177  13:03  Zealot x3  
  177  13:04  Zealot x5  
  193  13:09  Protoss Shields Level 1  
  193  13:12  Observer  
  188  13:23  Probe x3  
  188  13:26  Warp Prism  
  177  13:33  Zealot x6  
  177  13:34  Zealot x2  
  191  13:44  Unknown  
  191  13:45  Pylon  
  191  13:47  Mothership  
  191  13:49  Photon Cannon  
  199  13:56  Assimilator  
  199  13:58  Assimilator  
  199  14:15  Protoss Air Weapons Level 1  
  191  14:22  High Templar  
  191  14:23  High Templar x3  
  199  14:27  Archon x2  
  183  14:41  Zealot x4  
  170  14:57  High Templar x4  
  170  14:58  Immortal  
  174  15:03  Cybernetics Core, Photon Cannon  
  174  15:04  Photon Cannon  
  172  15:08  Robotics Facility  
  172  15:10  High Templar x2  
  180  15:17  Zealot x2  
  184  15:21  Pylon  
  184  15:22  Nexus  
  184  15:42  Zealot x7  
  192  15:43  Zealot x2  
Tags
 
Add a new tag
Caveats
  • Supply blocks, unpowered buildings, or Contaminate may cause inaccurate times.
  • Supply counts are checked every 10 seconds.